Workbook
Name field_output_CONT: #REF!
Name field_output_cost: #REF!
Name field_output_hours: #REF!
Name field_output_tot_cont: #REF!

Sheet INSTRUCTIONS
B1: INSTRUCTIONS:
B2: ENTER DATA ONLY INTO THE ORANGE CELLS. LEAVE ALL GRAY-COLORED CELLS UNCHANGED.
A3: 1 | B3: Enter the firm name in cell B2; PRIME firm enters the Job Title ASCE/NICET Grade in column A on the PRIME tab; Enter "Hours This Firm" in column C; Enter the Direct Technical Salary ($) Average Hourly Rate in column D; Enter the Overhead Rate in cell F3; Enter the Fiscal Year of the Overhead Rate in cell G1
A4: 2 | B4: Direct Labor or Direct Technical Salary - Average Hourly Rate (Column D) for each Job Title/Grade shall be entered from the latest NYSDOT approved certified Roster for the prime and Subcontractors. If the proposed Job Title/Grade is not available in the NYSDOT Certified Roster then the Average Hourly Rate shall be entered from the Firm's most recent Salary Roster.
A5: 3 | B5: The Overhead Rate shall be a percentage (%) and it should be from the latest NYSDOT approved ConR385 or the Firm's auditors Overhead Rate. The Overhead Rate is subject to audit and revision on an annual basis when the actual overhead information for the respective year becomes available. Suitable adjustments to the previous payments will be made accordingly upon completion of phase and when multiplier information is available. As needed, the additional fund for the overhead and profit will be added via Change Order by the Agency at the discretion of the Agency.
A6: 4 | B6: The Fully Loaded Hourly Rates proposed are applicable for the fiscal year that it was negotiated and agreed upon. The Agency utilizes the Employment Cost Index rates reported by the United States Department of Labor – Bureau of Labor Statistics in determining the parameters for approving the consultant annual salary increases. For subsequent fiscal years, it is the Consultant's responsibility to submit revised Loaded Hourly Rates table based on approved Employment Cost Index (ECI) at the beginning of each Fiscal year.

Sheet SUMMARY
A1: 84126P0001-Develop, Deploy, Support and Maintain Existing and Future Citywide Transit Signal Priority (TSP)
B2: Total Hours | C2: Total Salary Cost | D2: DNSC Total | E2: Grand Total (Total Salary + Total DNSC) | G2: Prime Vendor, Percentage Hours Worked. Must be above 51%
B3: =C19 -> 0 | C3: =SUMMARY!$D$19 -> 0 | D3: =SUMMARY!$E$19 -> 0 | E3: =SUM(SUMMARY!$C3:$D3) -> 0 | G3: =C6/(SUMMARY!$C$19) -> #DIV/0!
A5: Contractor Name | C5: Hours per Consultant | D5: Cost Per Consultant | E5: Direct Non-Salary Cost (DNSC)*
A6: Prime: | B6: =PRIME!B1 -> enter firm name | C6: =PRIME!C30 -> 0 | D6: =PRIME!I32 -> 0
A7: Subconsultant(1): | B7: ='Subconsultant(1)'!$B$1 -> enter firm name | C7: ='Subconsultant(1)'!$C$30 -> 0 | D7: ='Subconsultant(1)'!$I$32 -> 0
A8: Subconsultant(2): | B8: ='Subconsultant(2)'!$B$1 -> enter firm name | C8: ='Subconsultant(2)'!$C$30 -> 0 | D8: ='Subconsultant(2)'!$I$32 -> 0
A9: Subconsultant(3): | B9: ='Subconsultant(3)'!$B$1 -> enter firm name | C9: ='Subconsultant(3)'!$C$30 -> 0 | D9: ='Subconsultant(3)'!$I$32 -> 0
A10: Subconsultant(4): | B10: ='Subconsultant(4)'!$B$1 -> enter firm name | C10: ='Subconsultant(4)'!$C$30 -> 0 | D10: ='Subconsultant(4)'!$I$32 -> 0
A11: Subconsultant(5): | B11: ='Subconsultant(5)'!$B$1 -> enter firm name | C11: ='Subconsultant(5)'!$C$30 -> 0 | D11: ='Subconsultant(5)'!$I$32 -> 0
A12: Subconsultant(6): | B12: ='Subconsultant(6)'!$B$1 -> enter firm name | C12: ='Subconsultant(6)'!$C$30 -> 0 | D12: ='Subconsultant(6)'!$I$32 -> 0
A13: Subconsultant(7): | B13: ='Subconsultant(7)'!$B$1 -> enter firm name | C13: ='Subconsultant(7)'!$C$30 -> 0 | D13: ='Subconsultant(7)'!$I$32 -> 0
A14: Subconsultant(8): | B14: ='Subconsultant(8)'!$B$1 -> enter firm name | C14: ='Subconsultant(8)'!$C$30 -> 0 | D14: ='Subconsultant(8)'!$I$32 -> 0
A15: Subconsultant(9): | B15: ='Subconsultant(9)'!$B$1 -> enter firm name | C15: ='Subconsultant(9)'!$C$30 -> 0 | D15: ='Subconsultant(9)'!$I$32 -> 0
B19: Total | C19: =SUM(SUMMARY!$C$6:$C$18) -> 0 | D19: =SUBTOTAL(109,SUMMARY!$D$6:$D$18) -> 0 | E19: =SUBTOTAL(109,SUMMARY!$E$6:$E$18) -> 0
B20: Grand Total (Total Salary + Total DNSC) | E20: =SUMMARY!$D$19+SUMMARY!$E$19 -> 0
A22: *Note: Direct Non-Salary Cost (DNSC) shall be completed by the prime and subconsultants for this procurement.

Sheet PRIME
A1: {=_xlfn.TEXTAFTER(CELL("filename",A2),"]")} -> PRIME | B1: enter firm name | G1: enter Fiscal year for OH Rate
A2: Job Title ASCE/NICET Grade | B2: Total Hours | C2: Hours this Firm | D2: (A) Direct Labor Direct Technical Salary (Average Hourly Rate) | E2: (B) Employment Cost Index (ECI=1.00) B=(A*ECI) | F2: (C) Overhead Costs C=(B*Overhead Rate) | G2: (D) Fixed Fee (Profit) D=((B+C)*Fixed Fee) | H2: (E) Loaded Hourly Rate E=(B+C+D) | I2: Labor Cost
E3: 1 | G3: 0.1
B4: =C4+'Subconsultant(1)'!C4+'Subconsultant(2)'!C4+'Subconsultant(3)'!C4+'Subconsultant(4)'!C4+'Subconsultant(5)'!C4+'Subconsultant(6)'!C4+'Subconsultant(7)'!C4+'Subconsultant(8)'!C4+'Subconsultant(9)'!C4 -> 0 | E4: =PRIME!$D4*$E$3 -> 0 | F4: =PRIME!$E4*$F$3 -> 0 | G4: =(PRIME!$E4+PRIME!$F4)*$G$3 -> 0 | H4: =PRIME!$E4+PRIME!$F4+PRIME!$G4 -> 0 | I4: =PRIME!$H4*PRIME!$C4 -> 0
B5: =C5+'Subconsultant(1)'!C5+'Subconsultant(2)'!C5+'Subconsultant(3)'!C5+'Subconsultant(4)'!C5+'Subconsultant(5)'!C5+'Subconsultant(6)'!C5+'Subconsultant(7)'!C5+'Subconsultant(8)'!C5+'Subconsultant(9)'!C5 -> 0 | E5: =PRIME!$D5*$E$3 -> 0 | F5: =PRIME!$E5*$F$3 -> 0 | G5: =(PRIME!$E5+PRIME!$F5)*$G$3 -> 0 | H5: =PRIME!$E5+PRIME!$F5+PRIME!$G5 -> 0 | I5: =PRIME!$H5*PRIME!$C5 -> 0
B6: ='Subconsultant(1)'!C6+'Subconsultant(2)'!C6+'Subconsultant(3)'!C6+'Subconsultant(4)'!C6+'Subconsultant(5)'!C6+'Subconsultant(6)'!C6+'Subconsultant(7)'!C6+'Subconsultant(8)'!C6+'Subconsultant(9)'!C6 -> 0 | E6: =PRIME!$D6*$E$3 -> 0 | F6: =PRIME!$E6*$F$3 -> 0 | G6: =(PRIME!$E6+PRIME!$F6)*$G$3 -> 0 | H6: =PRIME!$E6+PRIME!$F6+PRIME!$G6 -> 0 | I6: =PRIME!$H6*PRIME!$C6 -> 0
B7: ='Subconsultant(1)'!C7+'Subconsultant(2)'!C7+'Subconsultant(3)'!C7+'Subconsultant(4)'!C7+'Subconsultant(5)'!C7+'Subconsultant(6)'!C7+'Subconsultant(7)'!C7+'Subconsultant(8)'!C7+'Subconsultant(9)'!C7 -> 0 | E7: =PRIME!$D7*$E$3 -> 0 | F7: =PRIME!$E7*$F$3 -> 0 | G7: =(PRIME!$E7+PRIME!$F7)*$G$3 -> 0 | H7: =PRIME!$E7+PRIME!$F7+PRIME!$G7 -> 0 | I7: =PRIME!$H7*PRIME!$C7 -> 0
B8: ='Subconsultant(1)'!C8+'Subconsultant(2)'!C8+'Subconsultant(3)'!C8+'Subconsultant(4)'!C8+'Subconsultant(5)'!C8+'Subconsultant(6)'!C8+'Subconsultant(7)'!C8+'Subconsultant(8)'!C8+'Subconsultant(9)'!C8 -> 0 | E8: =PRIME!$D8*$E$3 -> 0 | F8: =PRIME!$E8*$F$3 -> 0 | G8: =(PRIME!$E8+PRIME!$F8)*$G$3 -> 0 | H8: =PRIME!$E8+PRIME!$F8+PRIME!$G8 -> 0 | I8: =PRIME!$H8*PRIME!$C8 -> 0
B9: ='Subconsultant(1)'!C9+'Subconsultant(2)'!C9+'Subconsultant(3)'!C9+'Subconsultant(4)'!C9+'Subconsultant(5)'!C9+'Subconsultant(6)'!C9+'Subconsultant(7)'!C9+'Subconsultant(8)'!C9+'Subconsultant(9)'!C9 -> 0 | E9: =PRIME!$D9*$E$3 -> 0 | F9: =PRIME!$E9*$F$3 -> 0 | G9: =(PRIME!$E9+PRIME!$F9)*$G$3 -> 0 | H9: =PRIME!$E9+PRIME!$F9+PRIME!$G9 -> 0 | I9: =PRIME!$H9*PRIME!$C9 -> 0
B10: ='Subconsultant(1)'!C10+'Subconsultant(2)'!C10+'Subconsultant(3)'!C10+'Subconsultant(4)'!C10+'Subconsultant(5)'!C10+'Subconsultant(6)'!C10+'Subconsultant(7)'!C10+'Subconsultant(8)'!C10+'Subconsultant(9)'!C10 -> 0 | E10: =PRIME!$D10*$E$3 -> 0 | F10: =PRIME!$E10*$F$3 -> 0 | G10: =(PRIME!$E10+PRIME!$F10)*$G$3 -> 0 | H10: =PRIME!$E10+PRIME!$F10+PRIME!$G10 -> 0 | I10: =PRIME!$H10*PRIME!$C10 -> 0
B11: ='Subconsultant(1)'!C11+'Subconsultant(2)'!C11+'Subconsultant(3)'!C11+'Subconsultant(4)'!C11+'Subconsultant(5)'!C11+'Subconsultant(6)'!C11+'Subconsultant(7)'!C11+'Subconsultant(8)'!C11+'Subconsultant(9)'!C11 -> 0 | E11: =PRIME!$D11*$E$3 -> 0 | F11: =PRIME!$E11*$F$3 -> 0 | G11: =(PRIME!$E11+PRIME!$F11)*$G$3 -> 0 | H11: =PRIME!$E11+PRIME!$F11+PRIME!$G11 -> 0 | I11: =PRIME!$H11*PRIME!$C11 -> 0
B12: ='Subconsultant(1)'!C12+'Subconsultant(2)'!C12+'Subconsultant(3)'!C12+'Subconsultant(4)'!C12+'Subconsultant(5)'!C12+'Subconsultant(6)'!C12+'Subconsultant(7)'!C12+'Subconsultant(8)'!C12+'Subconsultant(9)'!C12 -> 0 | E12: =PRIME!$D12*$E$3 -> 0 | F12: =PRIME!$E12*$F$3 -> 0 | G12: =(PRIME!$E12+PRIME!$F12)*$G$3 -> 0 | H12: =PRIME!$E12+PRIME!$F12+PRIME!$G12 -> 0 | I12: =PRIME!$H12*PRIME!$C12 -> 0
B13: ='Subconsultant(1)'!C13+'Subconsultant(2)'!C13+'Subconsultant(3)'!C13+'Subconsultant(4)'!C13+'Subconsultant(5)'!C13+'Subconsultant(6)'!C13+'Subconsultant(7)'!C13+'Subconsultant(8)'!C13+'Subconsultant(9)'!C13 -> 0 | E13: =PRIME!$D13*$E$3 -> 0 | F13: =PRIME!$E13*$F$3 -> 0 | G13: =(PRIME!$E13+PRIME!$F13)*$G$3 -> 0 | H13: =PRIME!$E13+PRIME!$F13+PRIME!$G13 -> 0 | I13: =PRIME!$H13*PRIME!$C13 -> 0
B14: ='Subconsultant(1)'!C14+'Subconsultant(2)'!C14+'Subconsultant(3)'!C14+'Subconsultant(4)'!C14+'Subconsultant(5)'!C14+'Subconsultant(6)'!C14+'Subconsultant(7)'!C14+'Subconsultant(8)'!C14+'Subconsultant(9)'!C14 -> 0 | E14: =PRIME!$D14*$E$3 -> 0 | F14: =PRIME!$E14*$F$3 -> 0 | G14: =(PRIME!$E14+PRIME!$F14)*$G$3 -> 0 | H14: =PRIME!$E14+PRIME!$F14+PRIME!$G14 -> 0 | I14: =PRIME!$H14*PRIME!$C14 -> 0
B15: ='Subconsultant(1)'!C15+'Subconsultant(2)'!C15+'Subconsultant(3)'!C15+'Subconsultant(4)'!C15+'Subconsultant(5)'!C15+'Subconsultant(6)'!C15+'Subconsultant(7)'!C15+'Subconsultant(8)'!C15+'Subconsultant(9)'!C15 -> 0 | E15: =PRIME!$D15*$E$3 -> 0 | F15: =PRIME!$E15*$F$3 -> 0 | G15: =(PRIME!$E15+PRIME!$F15)*$G$3 -> 0 | H15: =PRIME!$E15+PRIME!$F15+PRIME!$G15 -> 0 | I15: =PRIME!$H15*PRIME!$C15 -> 0
B16: ='Subconsultant(1)'!C16+'Subconsultant(2)'!C16+'Subconsultant(3)'!C16+'Subconsultant(4)'!C16+'Subconsultant(5)'!C16+'Subconsultant(6)'!C16+'Subconsultant(7)'!C16+'Subconsultant(8)'!C16+'Subconsultant(9)'!C16 -> 0 | E16: =PRIME!$D16*$E$3 -> 0 | F16: =PRIME!$E16*$F$3 -> 0 | G16: =(PRIME!$E16+PRIME!$F16)*$G$3 -> 0 | H16: =PRIME!$E16+PRIME!$F16+PRIME!$G16 -> 0 | I16: =PRIME!$H16*PRIME!$C16 -> 0
B17: ='Subconsultant(1)'!C17+'Subconsultant(2)'!C17+'Subconsultant(3)'!C17+'Subconsultant(4)'!C17+'Subconsultant(5)'!C17+'Subconsultant(6)'!C17+'Subconsultant(7)'!C17+'Subconsultant(8)'!C17+'Subconsultant(9)'!C17 -> 0 | E17: =PRIME!$D17*$E$3 -> 0 | F17: =PRIME!$E17*$F$3 -> 0 | G17: =(PRIME!$E17+PRIME!$F17)*$G$3 -> 0 | H17: =PRIME!$E17+PRIME!$F17+PRIME!$G17 -> 0 | I17: =PRIME!$H17*PRIME!$C17 -> 0
... B29: ='Subconsultant(1)'!C29+'Subconsultant(2)'!C29+'Subconsultant(3)'!C29+'Subconsultant(4)'!C29+'Subconsultant(5)'!C29+'Subconsultant(6)'!C29+'Subconsultant(7)'!C29+'Subconsultant(8)'!C29+'Subconsultant(9)'!C29 -> 0 | E29: =PRIME!$D29*$E$3 -> 0 | F29: =PRIME!$E29*$F$3 -> 0 | G29: =(PRIME!$E29+PRIME!$F29)*$G$3 -> 0 | H29: =PRIME!$E29+PRIME!$F29+PRIME!$G29 -> 0 | I29: =PRIME!$H29*PRIME!$C29 -> 0
A30: TOTAL | B30: =SUM(B4:B29) -> 0 | C30: =SUM(C4:C29) -> 0 | I30: =SUM(I4:I29) -> 0
A31: Escalation Factor | I31: 1.04
A32: Grand Total | I32: =I30*I31 -> 0

Sheet Subconsultant(1)
A1: {=_xlfn.TEXTAFTER(CELL("filename",A2),"]")} -> Subconsultant(1) | B1: enter firm name | G1: enter Fiscal year for OH Rate
A2: Job Title ASCE/NICET Grade | B2: Total Hours | C2: Hours this Firm | D2: (A) Direct Labor Direct Technical Salary (Average Hourly Rate) | E2: (B) Employment Cost Index (ECI=1.00) B=(A*ECI) | F2: (C) Overhead Costs C=(B*Overhead Rate) | G2: (D) Fixed Fee (Profit) D=((B+C)*Fixed Fee) | H2: (E) Loaded Hourly Rate E=(B+C+D) | I2: Labor Cost
E3: 1 | G3: 0.1
A4: =PRIME!$A4 -> 0 | B4: =PRIME!$B4 -> 0 | E4: ='Subconsultant(1)'!$D4*$E$3 -> 0 | F4: ='Subconsultant(1)'!$E4*$F$3 -> 0 | G4: =('Subconsultant(1)'!$E4+'Subconsultant(1)'!$F4)*$G$3 -> 0 | H4: ='Subconsultant(1)'!$E4+'Subconsultant(1)'!$F4+'Subconsultant(1)'!$G4 -> 0 | I4: ='Subconsultant(1)'!$H4*'Subconsultant(1)'!$C4 -> 0
A5: =PRIME!$A5 -> 0 | B5: =PRIME!$B5 -> 0 | E5: ='Subconsultant(1)'!$D5*$E$3 -> 0 | F5: ='Subconsultant(1)'!$E5*$F$3 -> 0 | G5: =('Subconsultant(1)'!$E5+'Subconsultant(1)'!$F5)*$G$3 -> 0 | H5: ='Subconsultant(1)'!$E5+'Subconsultant(1)'!$F5+'Subconsultant(1)'!$G5 -> 0 | I5: ='Subconsultant(1)'!$H5*'Subconsultant(1)'!$C5 -> 0
A6: =PRIME!$A6 -> 0 | B6: =PRIME!$B6 -> 0 | E6: ='Subconsultant(1)'!$D6*$E$3 -> 0 | F6: ='Subconsultant(1)'!$E6*$F$3 -> 0 | G6: =('Subconsultant(1)'!$E6+'Subconsultant(1)'!$F6)*$G$3 -> 0 | H6: ='Subconsultant(1)'!$E6+'Subconsultant(1)'!$F6+'Subconsultant(1)'!$G6 -> 0 | I6: ='Subconsultant(1)'!$H6*'Subconsultant(1)'!$C6 -> 0
A7: =PRIME!$A7 -> 0 | B7: =PRIME!$B7 -> 0 | E7: ='Subconsultant(1)'!$D7*$E$3 -> 0 | F7: ='Subconsultant(1)'!$E7*$F$3 -> 0 | G7: =('Subconsultant(1)'!$E7+'Subconsultant(1)'!$F7)*$G$3 -> 0 | H7: ='Subconsultant(1)'!$E7+'Subconsultant(1)'!$F7+'Subconsultant(1)'!$G7 -> 0 | I7: ='Subconsultant(1)'!$H7*'Subconsultant(1)'!$C7 -> 0
A8: =PRIME!$A8 -> 0 | B8: =PRIME!$B8 -> 0 | E8: ='Subconsultant(1)'!$D8*$E$3 -> 0 | F8: ='Subconsultant(1)'!$E8*$F$3 -> 0 | G8: =('Subconsultant(1)'!$E8+'Subconsultant(1)'!$F8)*$G$3 -> 0 | H8: ='Subconsultant(1)'!$E8+'Subconsultant(1)'!$F8+'Subconsultant(1)'!$G8 -> 0 | I8: ='Subconsultant(1)'!$H8*'Subconsultant(1)'!$C8 -> 0
A9: =PRIME!$A9 -> 0 | B9: =PRIME!$B9 -> 0 | E9: ='Subconsultant(1)'!$D9*$E$3 -> 0 | F9: ='Subconsultant(1)'!$E9*$F$3 -> 0 | G9: =('Subconsultant(1)'!$E9+'Subconsultant(1)'!$F9)*$G$3 -> 0 | H9: ='Subconsultant(1)'!$E9+'Subconsultant(1)'!$F9+'Subconsultant(1)'!$G9 -> 0 | I9: ='Subconsultant(1)'!$H9*'Subconsultant(1)'!$C9 -> 0
A10: =PRIME!$A10 -> 0 | B10: =PRIME!$B10 -> 0 | E10: ='Subconsultant(1)'!$D10*$E$3 -> 0 | F10: ='Subconsultant(1)'!$E10*$F$3 -> 0 | G10: =('Subconsultant(1)'!$E10+'Subconsultant(1)'!$F10)*$G$3 -> 0 | H10: ='Subconsultant(1)'!$E10+'Subconsultant(1)'!$F10+'Subconsultant(1)'!$G10 -> 0 | I10: ='Subconsultant(1)'!$H10*'Subconsultant(1)'!$C10 -> 0
A11: =PRIME!$A11 -> 0 | B11: =PRIME!$B11 -> 0 | E11: ='Subconsultant(1)'!$D11*$E$3 -> 0 | F11: ='Subconsultant(1)'!$E11*$F$3 -> 0 | G11: =('Subconsultant(1)'!$E11+'Subconsultant(1)'!$F11)*$G$3 -> 0 | H11: ='Subconsultant(1)'!$E11+'Subconsultant(1)'!$F11+'Subconsultant(1)'!$G11 -> 0 | I11: ='Subconsultant(1)'!$H11*'Subconsultant(1)'!$C11 -> 0
A12: =PRIME!$A12 -> 0 | B12: =PRIME!$B12 -> 0 | E12: ='Subconsultant(1)'!$D12*$E$3 -> 0 | F12: ='Subconsultant(1)'!$E12*$F$3 -> 0 | G12: =('Subconsultant(1)'!$E12+'Subconsultant(1)'!$F12)*$G$3 -> 0 | H12: ='Subconsultant(1)'!$E12+'Subconsultant(1)'!$F12+'Subconsultant(1)'!$G12 -> 0 | I12: ='Subconsultant(1)'!$H12*'Subconsultant(1)'!$C12 -> 0
A13: =PRIME!$A13 -> 0 | B13: =PRIME!$B13 -> 0 | E13: ='Subconsultant(1)'!$D13*$E$3 -> 0 | F13: ='Subconsultant(1)'!$E13*$F$3 -> 0 | G13: =('Subconsultant(1)'!$E13+'Subconsultant(1)'!$F13)*$G$3 -> 0 | H13: ='Subconsultant(1)'!$E13+'Subconsultant(1)'!$F13+'Subconsultant(1)'!$G13 -> 0 | I13: ='Subconsultant(1)'!$H13*'Subconsultant(1)'!$C13 -> 0
A14: =PRIME!$A14 -> 0 | B14: =PRIME!$B14 -> 0 | E14: ='Subconsultant(1)'!$D14*$E$3 -> 0 | F14: ='Subconsultant(1)'!$E14*$F$3 -> 0 | G14: =('Subconsultant(1)'!$E14+'Subconsultant(1)'!$F14)*$G$3 -> 0 | H14: ='Subconsultant(1)'!$E14+'Subconsultant(1)'!$F14+'Subconsultant(1)'!$G14 -> 0 | I14: ='Subconsultant(1)'!$H14*'Subconsultant(1)'!$C14 -> 0
A15: =PRIME!$A15 -> 0 | B15: =PRIME!$B15 -> 0 | E15: ='Subconsultant(1)'!$D15*$E$3 -> 0 | F15: ='Subconsultant(1)'!$E15*$F$3 -> 0 | G15: =('Subconsultant(1)'!$E15+'Subconsultant(1)'!$F15)*$G$3 -> 0 | H15: ='Subconsultant(1)'!$E15+'Subconsultant(1)'!$F15+'Subconsultant(1)'!$G15 -> 0 | I15: ='Subconsultant(1)'!$H15*'Subconsultant(1)'!$C15 -> 0
... A29: =PRIME!$A29 -> 0 | B29: =PRIME!$B29 -> 0 | E29: ='Subconsultant(1)'!$D29*$E$3 -> 0 | F29: ='Subconsultant(1)'!$E29*$F$3 -> 0 | G29: =('Subconsultant(1)'!$E29+'Subconsultant(1)'!$F29)*$G$3 -> 0 | H29: ='Subconsultant(1)'!$E29+'Subconsultant(1)'!$F29+'Subconsultant(1)'!$G29 -> 0 | I29: ='Subconsultant(1)'!$H29*'Subconsultant(1)'!$C29 -> 0
A30: TOTAL | B30: =SUM(B4:B29) -> 0 | C30: =SUM(C4:C29) -> 0 | I30: =SUM(I4:I29) -> 0
A31: Escalation Factor | I31: 1.04
A32: Grand Total | I32: =I30*I31 -> 0

Sheet Subconsultant(2)
A1: {=_xlfn.TEXTAFTER(CELL("filename",A2),"]")} -> Subconsultant(2) | B1: enter firm name | G1: enter Fiscal year for OH Rate
A2: Job Title ASCE/NICET Grade | B2: Total Hours | C2: Hours this Firm | D2: (A) Direct Labor Direct Technical Salary (Average Hourly Rate) | E2: (B) Employment Cost Index (ECI=1.00) B=(A*ECI) | F2: (C) Overhead Costs C=(B*Overhead Rate) | G2: (D) Fixed Fee (Profit) D=((B+C)*Fixed Fee) | H2: (E) Loaded Hourly Rate E=(B+C+D) | I2: Labor Cost
E3: 1 | G3: 0.1
A4: =PRIME!$A4 -> 0 | B4: =PRIME!$B4 -> 0 | E4: ='Subconsultant(2)'!$D4*$E$3 -> 0 | F4: ='Subconsultant(2)'!$E4*$F$3 -> 0 | G4: =('Subconsultant(2)'!$E4+'Subconsultant(2)'!$F4)*$G$3 -> 0 | H4: ='Subconsultant(2)'!$E4+'Subconsultant(2)'!$F4+'Subconsultant(2)'!$G4 -> 0 | I4: ='Subconsultant(2)'!$H4*'Subconsultant(2)'!$C4 -> 0
A5: =PRIME!$A5 -> 0 | B5: =PRIME!$B5 -> 0 | E5: ='Subconsultant(2)'!$D5*$E$3 -> 0 | F5: ='Subconsultant(2)'!$E5*$F$3 -> 0 | G5: =('Subconsultant(2)'!$E5+'Subconsultant(2)'!$F5)*$G$3 -> 0 | H5: ='Subconsultant(2)'!$E5+'Subconsultant(2)'!$F5+'Subconsultant(2)'!$G5 -> 0 | I5: ='Subconsultant(2)'!$H5*'Subconsultant(2)'!$C5 -> 0
A6: =PRIME!$A6 -> 0 | B6: =PRIME!$B6 -> 0 | E6: ='Subconsultant(2)'!$D6*$E$3 -> 0 | F6: ='Subconsultant(2)'!$E6*$F$3 -> 0 | G6: =('Subconsultant(2)'!$E6+'Subconsultant(2)'!$F6)*$G$3 -> 0 | H6: ='Subconsultant(2)'!$E6+'Subconsultant(2)'!$F6+'Subconsultant(2)'!$G6 -> 0 | I6: ='Subconsultant(2)'!$H6*'Subconsultant(2)'!$C6 -> 0
A7: =PRIME!$A7 -> 0 | B7: =PRIME!$B7 -> 0 | E7: ='Subconsultant(2)'!$D7*$E$3 -> 0 | F7: ='Subconsultant(2)'!$E7*$F$3 -> 0 | G7: =('Subconsultant(2)'!$E7+'Subconsultant(2)'!$F7)*$G$3 -> 0 | H7: ='Subconsultant(2)'!$E7+'Subconsultant(2)'!$F7+'Subconsultant(2)'!$G7 -> 0 | I7: ='Subconsultant(2)'!$H7*'Subconsultant(2)'!$C7 -> 0
A8: =PRIME!$A8 -> 0 | B8: =PRIME!$B8 -> 0 | E8: ='Subconsultant(2)'!$D8*$E$3 -> 0 | F8: ='Subconsultant(2)'!$E8*$F$3 -> 0 | G8: =('Subconsultant(2)'!$E8+'Subconsultant(2)'!$F8)*$G$3 -> 0 | H8: ='Subconsultant(2)'!$E8+'Subconsultant(2)'!$F8+'Subconsultant(2)'!$G8 -> 0 | I8: ='Subconsultant(2)'!$H8*'Subconsultant(2)'!$C8 -> 0
A9: =PRIME!$A9 -> 0 | B9: =PRIME!$B9 -> 0 | E9: ='Subconsultant(2)'!$D9*$E$3 -> 0 | F9: ='Subconsultant(2)'!$E9*$F$3 -> 0 | G9: =('Subconsultant(2)'!$E9+'Subconsultant(2)'!$F9)*$G$3 -> 0 | H9: ='Subconsultant(2)'!$E9+'Subconsultant(2)'!$F9+'Subconsultant(2)'!$G9 -> 0 | I9: ='Subconsultant(2)'!$H9*'Subconsultant(2)'!$C9 -> 0
A10: =PRIME!$A10 -> 0 | B10: =PRIME!$B10 -> 0 | E10: ='Subconsultant(2)'!$D10*$E$3 -> 0 | F10: ='Subconsultant(2)'!$E10*$F$3 -> 0 | G10: =('Subconsultant(2)'!$E10+'Subconsultant(2)'!$F10)*$G$3 -> 0 | H10: ='Subconsultant(2)'!$E10+'Subconsultant(2)'!$F10+'Subconsultant(2)'!$G10 -> 0 | I10: ='Subconsultant(2)'!$H10*'Subconsultant(2)'!$C10 -> 0
A11: =PRIME!$A11 -> 0 | B11: =PRIME!$B11 -> 0 | E11: ='Subconsultant(2)'!$D11*$E$3 -> 0 | F11: ='Subconsultant(2)'!$E11*$F$3 -> 0 | G11: =('Subconsultant(2)'!$E11+'Subconsultant(2)'!$F11)*$G$3 -> 0 | H11: ='Subconsultant(2)'!$E11+'Subconsultant(2)'!$F11+'Subconsultant(2)'!$G11 -> 0 | I11: ='Subconsultant(2)'!$H11*'Subconsultant(2)'!$C11 -> 0
A12: =PRIME!$A12 -> 0 | B12: =PRIME!$B12 -> 0 | E12: ='Subconsultant(2)'!$D12*$E$3 -> 0 | F12: ='Subconsultant(2)'!$E12*$F$3 -> 0 | G12: =('Subconsultant(2)'!$E12+'Subconsultant(2)'!$F12)*$G$3 -> 0 | H12: ='Subconsultant(2)'!$E12+'Subconsultant(2)'!$F12+'Subconsultant(2)'!$G12 -> 0 | I12: ='Subconsultant(2)'!$H12*'Subconsultant(2)'!$C12 -> 0
A13: =PRIME!$A13 -> 0 | B13: =PRIME!$B13 -> 0 | E13: ='Subconsultant(2)'!$D13*$E$3 -> 0 | F13: ='Subconsultant(2)'!$E13*$F$3 -> 0 | G13: =('Subconsultant(2)'!$E13+'Subconsultant(2)'!$F13)*$G$3 -> 0 | H13: ='Subconsultant(2)'!$E13+'Subconsultant(2)'!$F13+'Subconsultant(2)'!$G13 -> 0 | I13: ='Subconsultant(2)'!$H13*'Subconsultant(2)'!$C13 -> 0
A14: =PRIME!$A14 -> 0 | B14: =PRIME!$B14 -> 0 | E14: ='Subconsultant(2)'!$D14*$E$3 -> 0 | F14: ='Subconsultant(2)'!$E14*$F$3 -> 0 | G14: =('Subconsultant(2)'!$E14+'Subconsultant(2)'!$F14)*$G$3 -> 0 | H14: ='Subconsultant(2)'!$E14+'Subconsultant(2)'!$F14+'Subconsultant(2)'!$G14 -> 0 | I14: ='Subconsultant(2)'!$H14*'Subconsultant(2)'!$C14 -> 0
A15: =PRIME!$A15 -> 0 | B15: =PRIME!$B15 -> 0 | E15: ='Subconsultant(2)'!$D15*$E$3 -> 0 | F15: ='Subconsultant(2)'!$E15*$F$3 -> 0 | G15: =('Subconsultant(2)'!$E15+'Subconsultant(2)'!$F15)*$G$3 -> 0 | H15: ='Subconsultant(2)'!$E15+'Subconsultant(2)'!$F15+'Subconsultant(2)'!$G15 -> 0 | I15: ='Subconsultant(2)'!$H15*'Subconsultant(2)'!$C15 -> 0
... A29: =PRIME!$A29 -> 0 | B29: =PRIME!$B29 -> 0 | E29: ='Subconsultant(2)'!$D29*$E$3 -> 0 | F29: ='Subconsultant(2)'!$E29*$F$3 -> 0 | G29: =('Subconsultant(2)'!$E29+'Subconsultant(2)'!$F29)*$G$3 -> 0 | H29: ='Subconsultant(2)'!$E29+'Subconsultant(2)'!$F29+'Subconsultant(2)'!$G29 -> 0 | I29: ='Subconsultant(2)'!$H29*'Subconsultant(2)'!$C29 -> 0
A30: TOTAL | B30: =SUM(B4:B29) -> 0 | C30: =SUM(C4:C29) -> 0 | I30: =SUM(I4:I29) -> 0
A31: Escalation Factor | I31: 1.04
A32: Grand Total | I32: =I30*I31 -> 0

Sheet Subconsultant(3)
A1: {=_xlfn.TEXTAFTER(CELL("filename",A2),"]")} -> Subconsultant(3) | B1: enter firm name | G1: enter Fiscal year for OH Rate
A2: Job Title ASCE/NICET Grade | B2: Total Hours | C2: Hours this Firm | D2: (A) Direct Labor Direct Technical Salary (Average Hourly Rate) | E2: (B) Employment Cost Index (ECI=1.00) B=(A*ECI) | F2: (C) Overhead Costs C=(B*Overhead Rate) | G2: (D) Fixed Fee (Profit) D=((B+C)*Fixed Fee) | H2: (E) Loaded Hourly Rate E=(B+C+D) | I2: Labor Cost
E3: 1 | G3: 0.1
A4: =PRIME!$A4 -> 0 | B4: =PRIME!$B4 -> 0 | E4: ='Subconsultant(3)'!$D4*$E$3 -> 0 | F4: ='Subconsultant(3)'!$E4*$F$3 -> 0 | G4: =('Subconsultant(3)'!$E4+'Subconsultant(3)'!$F4)*$G$3 -> 0 | H4: ='Subconsultant(3)'!$E4+'Subconsultant(3)'!$F4+'Subconsultant(3)'!$G4 -> 0 | I4: ='Subconsultant(3)'!$H4*'Subconsultant(3)'!$C4 -> 0
A5: =PRIME!$A5 -> 0 | B5: =PRIME!$B5 -> 0 | E5: ='Subconsultant(3)'!$D5*$E$3 -> 0 | F5: ='Subconsultant(3)'!$E5*$F$3 -> 0 | G5: =('Subconsultant(3)'!$E5+'Subconsultant(3)'!$F5)*$G$3 -> 0 | H5: ='Subconsultant(3)'!$E5+'Subconsultant(3)'!$F5+'Subconsultant(3)'!$G5 -> 0 | I5: ='Subconsultant(3)'!$H5*'Subconsultant(3)'!$C5 -> 0
A6: =PRIME!$A6 -> 0 | B6: =PRIME!$B6 -> 0 | E6: ='Subconsultant(3)'!$D6*$E$3 -> 0 | F6: ='Subconsultant(3)'!$E6*$F$3 -> 0 | G6: =('Subconsultant(3)'!$E6+'Subconsultant(3)'!$F6)*$G$3 -> 0 | H6: ='Subconsultant(3)'!$E6+'Subconsultant(3)'!$F6+'Subconsultant(3)'!$G6 -> 0 | I6: ='Subconsultant(3)'!$H6*'Subconsultant(3)'!$C6 -> 0
A7: =PRIME!$A7 -> 0 | B7: =PRIME!$B7 -> 0 | E7: ='Subconsultant(3)'!$D7*$E$3 -> 0 | F7: ='Subconsultant(3)'!$E7*$F$3 -> 0 | G7: =('Subconsultant(3)'!$E7+'Subconsultant(3)'!$F7)*$G$3 -> 0 | H7: ='Subconsultant(3)'!$E7+'Subconsultant(3)'!$F7+'Subconsultant(3)'!$G7 -> 0 | I7: ='Subconsultant(3)'!$H7*'Subconsultant(3)'!$C7 -> 0
A8: =PRIME!$A8 -> 0 | B8: =PRIME!$B8 -> 0 | E8: ='Subconsultant(3)'!$D8*$E$3 -> 0 | F8: ='Subconsultant(3)'!$E8*$F$3 -> 0 | G8: =('Subconsultant(3)'!$E8+'Subconsultant(3)'!$F8)*$G$3 -> 0 | H8: ='Subconsultant(3)'!$E8+'Subconsultant(3)'!$F8+'Subconsultant(3)'!$G8 -> 0 | I8: ='Subconsultant(3)'!$H8*'Subconsultant(3)'!$C8 -> 0
A9: =PRIME!$A9 -> 0 | B9: =PRIME!$B9 -> 0 | E9: ='Subconsultant(3)'!$D9*$E$3 -> 0 | F9: ='Subconsultant(3)'!$E9*$F$3 -> 0 | G9: =('Subconsultant(3)'!$E9+'Subconsultant(3)'!$F9)*$G$3 -> 0 | H9: ='Subconsultant(3)'!$E9+'Subconsultant(3)'!$F9+'Subconsultant(3)'!$G9 -> 0 | I9: ='Subconsultant(3)'!$H9*'Subconsultant(3)'!$C9 -> 0
A10: =PRIME!$A10 -> 0 | B10: =PRIME!$B10 -> 0 | E10: ='Subconsultant(3)'!$D10*$E$3 -> 0 | F10: ='Subconsultant(3)'!$E10*$F$3 -> 0 | G10: =('Subconsultant(3)'!$E10+'Subconsultant(3)'!$F10)*$G$3 -> 0 | H10: ='Subconsultant(3)'!$E10+'Subconsultant(3)'!$F10+'Subconsultant(3)'!$G10 -> 0 | I10: ='Subconsultant(3)'!$H10*'Subconsultant(3)'!$C10 -> 0
A11: =PRIME!$A11 -> 0 | B11: =PRIME!$B11 -> 0 | E11: ='Subconsultant(3)'!$D11*$E$3 -> 0 | F11: ='Subconsultant(3)'!$E11*$F$3 -> 0 | G11: =('Subconsultant(3)'!$E11+'Subconsultant(3)'!$F11)*$G$3 -> 0 | H11: ='Subconsultant(3)'!$E11+'Subconsultant(3)'!$F11+'Subconsultant(3)'!$G11 -> 0 | I11: ='Subconsultant(3)'!$H11*'Subconsultant(3)'!$C11 -> 0
A12: =PRIME!$A12 -> 0 | B12: =PRIME!$B12 -> 0 | E12: ='Subconsultant(3)'!$D12*$E$3 -> 0 | F12: ='Subconsultant(3)'!$E12*$F$3 -> 0 | G12: =('Subconsultant(3)'!$E12+'Subconsultant(3)'!$F12)*$G$3 -> 0 | H12: ='Subconsultant(3)'!$E12+'Subconsultant(3)'!$F12+'Subconsultant(3)'!$G12 -> 0 | I12: ='Subconsultant(3)'!$H12*'Subconsultant(3)'!$C12 -> 0
A13: =PRIME!$A13 -> 0 | B13: =PRIME!$B13 -> 0 | E13: ='Subconsultant(3)'!$D13*$E$3 -> 0 | F13: ='Subconsultant(3)'!$E13*$F$3 -> 0 | G13: =('Subconsultant(3)'!$E13+'Subconsultant(3)'!$F13)*$G$3 -> 0 | H13: ='Subconsultant(3)'!$E13+'Subconsultant(3)'!$F13+'Subconsultant(3)'!$G13 -> 0 | I13: ='Subconsultant(3)'!$H13*'Subconsultant(3)'!$C13 -> 0
A14: =PRIME!$A14 -> 0 | B14: =PRIME!$B14 -> 0 | E14: ='Subconsultant(3)'!$D14*$E$3 -> 0 | F14: ='Subconsultant(3)'!$E14*$F$3 -> 0 | G14: =('Subconsultant(3)'!$E14+'Subconsultant(3)'!$F14)*$G$3 -> 0 | H14: ='Subconsultant(3)'!$E14+'Subconsultant(3)'!$F14+'Subconsultant(3)'!$G14 -> 0 | I14: ='Subconsultant(3)'!$H14*'Subconsultant(3)'!$C14 -> 0
A15: =PRIME!$A15 -> 0 | B15: =PRIME!$B15 -> 0 | E15: ='Subconsultant(3)'!$D15*$E$3 -> 0 | F15: ='Subconsultant(3)'!$E15*$F$3 -> 0 | G15: =('Subconsultant(3)'!$E15+'Subconsultant(3)'!$F15)*$G$3 -> 0 | H15: ='Subconsultant(3)'!$E15+'Subconsultant(3)'!$F15+'Subconsultant(3)'!$G15 -> 0 | I15: ='Subconsultant(3)'!$H15*'Subconsultant(3)'!$C15 -> 0
... A29: =PRIME!$A29 -> 0 | B29: =PRIME!$B29 -> 0 | E29: ='Subconsultant(3)'!$D29*$E$3 -> 0 | F29: ='Subconsultant(3)'!$E29*$F$3 -> 0 | G29: =('Subconsultant(3)'!$E29+'Subconsultant(3)'!$F29)*$G$3 -> 0 | H29: ='Subconsultant(3)'!$E29+'Subconsultant(3)'!$F29+'Subconsultant(3)'!$G29 -> 0 | I29: ='Subconsultant(3)'!$H29*'Subconsultant(3)'!$C29 -> 0
A30: TOTAL | B30: =SUM(B4:B29) -> 0 | C30: =SUM(C4:C29) -> 0 | I30: =SUM(I4:I29) -> 0
A31: Escalation Factor | I31: 1.04
A32: Grand Total | I32: =I30*I31 -> 0

Sheet Subconsultant(4)
A1: {=_xlfn.TEXTAFTER(CELL("filename",A2),"]")} -> Subconsultant(4) | B1: enter firm name | G1: enter Fiscal year for OH Rate
A2: Job Title ASCE/NICET Grade | B2: Total Hours | C2: Hours this Firm | D2: (A) Direct Labor Direct Technical Salary (Average Hourly Rate) | E2: (B) Employment Cost Index (ECI=1.00) B=(A*ECI) | F2: (C) Overhead Costs C=(B*Overhead Rate) | G2: (D) Fixed Fee (Profit) D=((B+C)*Fixed Fee) | H2: (E) Loaded Hourly Rate E=(B+C+D) | I2: Labor Cost
E3: 1 | G3: 0.1
A4: =PRIME!$A4 -> 0 | B4: =PRIME!$B4 -> 0 | E4: ='Subconsultant(4)'!$D4*$E$3 -> 0 | F4: ='Subconsultant(4)'!$E4*$F$3 -> 0 | G4: =('Subconsultant(4)'!$E4+'Subconsultant(4)'!$F4)*$G$3 -> 0 | H4: ='Subconsultant(4)'!$E4+'Subconsultant(4)'!$F4+'Subconsultant(4)'!$G4 -> 0 | I4: ='Subconsultant(4)'!$H4*'Subconsultant(4)'!$C4 -> 0
A5: =PRIME!$A5 -> 0 | B5: =PRIME!$B5 -> 0 | E5: ='Subconsultant(4)'!$D5*$E$3 -> 0 | F5: ='Subconsultant(4)'!$E5*$F$3 -> 0 | G5: =('Subconsultant(4)'!$E5+'Subconsultant(4)'!$F5)*$G$3 -> 0 | H5: ='Subconsultant(4)'!$E5+'Subconsultant(4)'!$F5+'Subconsultant(4)'!$G5 -> 0 | I5: ='Subconsultant(4)'!$H5*'Subconsultant(4)'!$C5 -> 0
A6: =PRIME!$A6 -> 0 | B6: =PRIME!$B6 -> 0 | E6: ='Subconsultant(4)'!$D6*$E$3 -> 0 | F6: ='Subconsultant(4)'!$E6*$F$3 -> 0 | G6: =('Subconsultant(4)'!$E6+'Subconsultant(4)'!$F6)*$G$3 -> 0 | H6: ='Subconsultant(4)'!$E6+'Subconsultant(4)'!$F6+'Subconsultant(4)'!$G6 -> 0 | I6: ='Subconsultant(4)'!$H6*'Subconsultant(4)'!$C6 -> 0
A7: =PRIME!$A7 -> 0 | B7: =PRIME!$B7 -> 0 | E7: ='Subconsultant(4)'!$D7*$E$3 -> 0 | F7: ='Subconsultant(4)'!$E7*$F$3 -> 0 | G7: =('Subconsultant(4)'!$E7+'Subconsultant(4)'!$F7)*$G$3 -> 0 | H7: ='Subconsultant(4)'!$E7+'Subconsultant(4)'!$F7+'Subconsultant(4)'!$G7 -> 0 | I7: ='Subconsultant(4)'!$H7*'Subconsultant(4)'!$C7 -> 0
A8: =PRIME!$A8 -> 0 | B8: =PRIME!$B8 -> 0 | E8: ='Subconsultant(4)'!$D8*$E$3 -> 0 | F8: ='Subconsultant(4)'!$E8*$F$3 -> 0 | G8: =('Subconsultant(4)'!$E8+'Subconsultant(4)'!$F8)*$G$3 -> 0 | H8: ='Subconsultant(4)'!$E8+'Subconsultant(4)'!$F8+'Subconsultant(4)'!$G8 -> 0 | I8: ='Subconsultant(4)'!$H8*'Subconsultant(4)'!$C8 -> 0
A9: =PRIME!$A9 -> 0 | B9: =PRIME!$B9 -> 0 | E9: ='Subconsultant(4)'!$D9*$E$3 -> 0 | F9: ='Subconsultant(4)'!$E9*$F$3 -> 0 | G9: =('Subconsultant(4)'!$E9+'Subconsultant(4)'!$F9)*$G$3 -> 0 | H9: ='Subconsultant(4)'!$E9+'Subconsultant(4)'!$F9+'Subconsultant(4)'!$G9 -> 0 | I9: ='Subconsultant(4)'!$H9*'Subconsultant(4)'!$C9 -> 0
A10: =PRIME!$A10 -> 0 | B10: =PRIME!$B10 -> 0 | E10: ='Subconsultant(4)'!$D10*$E$3 -> 0 | F10: ='Subconsultant(4)'!$E10*$F$3 -> 0 | G10: =('Subconsultant(4)'!$E10+'Subconsultant(4)'!$F10)*$G$3 -> 0 | H10: ='Subconsultant(4)'!$E10+'Subconsultant(4)'!$F10+'Subconsultant(4)'!$G10 -> 0 | I10: ='Subconsultant(4)'!$H10*'Subconsultant(4)'!$C10 -> 0
A11: =PRIME!$A11 -> 0 | B11: =PRIME!$B11 -> 0 | E11: ='Subconsultant(4)'!$D11*$E$3 -> 0 | F11: ='Subconsultant(4)'!$E11*$F$3 -> 0 | G11: =('Subconsultant(4)'!$E11+'Subconsultant(4)'!$F11)*$G$3 -> 0 | H11: ='Subconsultant(4)'!$E11+'Subconsultant(4)'!$F11+'Subconsultant(4)'!$G11 -> 0 | I11: ='Subconsultant(4)'!$H11*'Subconsultant(4)'!$C11 -> 0
A12: =PRIME!$A12 -> 0 | B12: =PRIME!$B12 -> 0 | E12: ='Subconsultant(4)'!$D12*$E$3 -> 0 | F12: ='Subconsultant(4)'!$E12*$F$3 -> 0 | G12: =('Subconsultant(4)'!$E12+'Subconsultant(4)'!$F12)*$G$3 -> 0 | H12: ='Subconsultant(4)'!$E12+'Subconsultant(4)'!$F12+'Subconsultant(4)'!$G12 -> 0 | I12: ='Subconsultant(4)'!$H12*'Subconsultant(4)'!$C12 -> 0
A13: =PRIME!$A13 -> 0 | B13: =PRIME!$B13 -> 0 | E13: ='Subconsultant(4)'!$D13*$E$3 -> 0 | F13: ='Subconsultant(4)'!$E13*$F$3 -> 0 | G13: =('Subconsultant(4)'!$E13+'Subconsultant(4)'!$F13)*$G$3 -> 0 | H13: ='Subconsultant(4)'!$E13+'Subconsultant(4)'!$F13+'Subconsultant(4)'!$G13 -> 0 | I13: ='Subconsultant(4)'!$H13*'Subconsultant(4)'!$C13 -> 0
A14: =PRIME!$A14 -> 0 | B14: =PRIME!$B14 -> 0 | E14: ='Subconsultant(4)'!$D14*$E$3 -> 0 | F14: ='Subconsultant(4)'!$E14*$F$3 -> 0 | G14: =('Subconsultant(4)'!$E14+'Subconsultant(4)'!$F14)*$G$3 -> 0 | H14: ='Subconsultant(4)'!$E14+'Subconsultant(4)'!$F14+'Subconsultant(4)'!$G14 -> 0 | I14: ='Subconsultant(4)'!$H14*'Subconsultant(4)'!$C14 -> 0
A15: =PRIME!$A15 -> 0 | B15: =PRIME!$B15 -> 0 | E15: ='Subconsultant(4)'!$D15*$E$3 -> 0 | F15: ='Subconsultant(4)'!$E15*$F$3 -> 0 | G15: =('Subconsultant(4)'!$E15+'Subconsultant(4)'!$F15)*$G$3 -> 0 | H15: ='Subconsultant(4)'!$E15+'Subconsultant(4)'!$F15+'Subconsultant(4)'!$G15 -> 0 | I15: ='Subconsultant(4)'!$H15*'Subconsultant(4)'!$C15 -> 0
... A29: =PRIME!$A29 -> 0 | B29: =PRIME!$B29 -> 0 | E29: ='Subconsultant(4)'!$D29*$E$3 -> 0 | F29: ='Subconsultant(4)'!$E29*$F$3 -> 0 | G29: =('Subconsultant(4)'!$E29+'Subconsultant(4)'!$F29)*$G$3 -> 0 | H29: ='Subconsultant(4)'!$E29+'Subconsultant(4)'!$F29+'Subconsultant(4)'!$G29 -> 0 | I29: ='Subconsultant(4)'!$H29*'Subconsultant(4)'!$C29 -> 0
A30: TOTAL | B30: =SUM(B4:B29) -> 0 | C30: =SUM(C4:C29) -> 0 | I30: =SUM(I4:I29) -> 0
A31: Escalation Factor | I31: 1.04
A32: Grand Total | I32: =I30*I31 -> 0

Sheet Subconsultant(5)
A1: {=_xlfn.TEXTAFTER(CELL("filename",A2),"]")} -> Subconsultant(5) | B1: enter firm name | G1: enter Fiscal year for OH Rate
A2: Job Title ASCE/NICET Grade | B2: Total Hours | C2: Hours this Firm | D2: (A) Direct Labor Direct Technical Salary (Average Hourly Rate) | E2: (B) Employment Cost Index (ECI=1.00) B=(A*ECI) | F2: (C) Overhead Costs C=(B*Overhead Rate) | G2: (D) Fixed Fee (Profit) D=((B+C)*Fixed Fee) | H2: (E) Loaded Hourly Rate E=(B+C+D) | I2: Labor Cost
E3: 1 | G3: 0.1
A4: =PRIME!$A4 -> 0 | B4: =PRIME!$B4 -> 0 | E4: ='Subconsultant(5)'!$D4*$E$3 -> 0 | F4: ='Subconsultant(5)'!$E4*$F$3 -> 0 | G4: =('Subconsultant(5)'!$E4+'Subconsultant(5)'!$F4)*$G$3 -> 0 | H4: ='Subconsultant(5)'!$E4+'Subconsultant(5)'!$F4+'Subconsultant(5)'!$G4 -> 0 | I4: ='Subconsultant(5)'!$H4*'Subconsultant(5)'!$C4 -> 0
A5: =PRIME!$A5 -> 0 | B5: =PRIME!$B5 -> 0 | E5: ='Subconsultant(5)'!$D5*$E$3 -> 0 | F5: ='Subconsultant(5)'!$E5*$F$3 -> 0 | G5: =('Subconsultant(5)'!$E5+'Subconsultant(5)'!$F5)*$G$3 -> 0 | H5: ='Subconsultant(5)'!$E5+'Subconsultant(5)'!$F5+'Subconsultant(5)'!$G5 -> 0 | I5: ='Subconsultant(5)'!$H5*'Subconsultant(5)'!$C5 -> 0
A6: =PRIME!$A6 -> 0 | B6: =PRIME!$B6 -> 0 | E6: ='Subconsultant(5)'!$D6*$E$3 -> 0 | F6: ='Subconsultant(5)'!$E6*$F$3 -> 0 | G6: =('Subconsultant(5)'!$E6+'Subconsultant(5)'!$F6)*$G$3 -> 0 | H6: ='Subconsultant(5)'!$E6+'Subconsultant(5)'!$F6+'Subconsultant(5)'!$G6 -> 0 | I6: ='Subconsultant(5)'!$H6*'Subconsultant(5)'!$C6 -> 0
A7: =PRIME!$A7 -> 0 | B7: =PRIME!$B7 -> 0 | E7: ='Subconsultant(5)'!$D7*$E$3 -> 0 | F7: ='Subconsultant(5)'!$E7*$F$3 -> 0 | G7: =('Subconsultant(5)'!$E7+'Subconsultant(5)'!$F7)*$G$3 -> 0 | H7: ='Subconsultant(5)'!$E7+'Subconsultant(5)'!$F7+'Subconsultant(5)'!$G7 -> 0 | I7: ='Subconsultant(5)'!$H7*'Subconsultant(5)'!$C7 -> 0
A8: =PRIME!$A8 -> 0 | B8: =PRIME!$B8 -> 0 | E8: ='Subconsultant(5)'!$D8*$E$3 -> 0 | F8: ='Subconsultant(5)'!$E8*$F$3 -> 0 | G8: =('Subconsultant(5)'!$E8+'Subconsultant(5)'!$F8)*$G$3 -> 0 | H8: ='Subconsultant(5)'!$E8+'Subconsultant(5)'!$F8+'Subconsultant(5)'!$G8 -> 0 | I8: ='Subconsultant(5)'!$H8*'Subconsultant(5)'!$C8 -> 0
A9: =PRIME!$A9 -> 0 | B9: =PRIME!$B9 -> 0 | E9: ='Subconsultant(5)'!$D9*$E$3 -> 0 | F9: ='Subconsultant(5)'!$E9*$F$3 -> 0 | G9: =('Subconsultant(5)'!$E9+'Subconsultant(5)'!$F9)*$G$3 -> 0 | H9: ='Subconsultant(5)'!$E9+'Subconsultant(5)'!$F9+'Subconsultant(5)'!$G9 -> 0 | I9: ='Subconsultant(5)'!$H9*'Subconsultant(5)'!$C9 -> 0
A10: =PRIME!$A10 -> 0 | B10: =PRIME!$B10 -> 0 | E10: ='Subconsultant(5)'!$D10*$E$3 -> 0 | F10: ='Subconsultant(5)'!$E10*$F$3 -> 0 | G10: =('Subconsultant(5)'!$E10+'Subconsultant(5)'!$F10)*$G$3 -> 0 | H10: ='Subconsultant(5)'!$E10+'Subconsultant(5)'!$F10+'Subconsultant(5)'!$G10 -> 0 | I10: ='Subconsultant(5)'!$H10*'Subconsultant(5)'!$C10 -> 0
A11: =PRIME!$A11 -> 0 | B11: =PRIME!$B11 -> 0 | E11: ='Subconsultant(5)'!$D11*$E$3 -> 0 | F11: ='Subconsultant(5)'!$E11*$F$3 -> 0 | G11: =('Subconsultant(5)'!$E11+'Subconsultant(5)'!$F11)*$G$3 -> 0 | H11: ='Subconsultant(5)'!$E11+'Subconsultant(5)'!$F11+'Subconsultant(5)'!$G11 -> 0 | I11: ='Subconsultant(5)'!$H11*'Subconsultant(5)'!$C11 -> 0
A12: =PRIME!$A12 -> 0 | B12: =PRIME!$B12 -> 0 | E12: ='Subconsultant(5)'!$D12*$E$3 -> 0 | F12: ='Subconsultant(5)'!$E12*$F$3 -> 0 | G12: =('Subconsultant(5)'!$E12+'Subconsultant(5)'!$F12)*$G$3 -> 0 | H12: ='Subconsultant(5)'!$E12+'Subconsultant(5)'!$F12+'Subconsultant(5)'!$G12 -> 0 | I12: ='Subconsultant(5)'!$H12*'Subconsultant(5)'!$C12 -> 0
A13: =PRIME!$A13 -> 0 | B13: =PRIME!$B13 -> 0 | E13: ='Subconsultant(5)'!$D13*$E$3 -> 0 | F13: ='Subconsultant(5)'!$E13*$F$3 -> 0 | G13: =('Subconsultant(5)'!$E13+'Subconsultant(5)'!$F13)*$G$3 -> 0 | H13: ='Subconsultant(5)'!$E13+'Subconsultant(5)'!$F13+'Subconsultant(5)'!$G13 -> 0 | I13: ='Subconsultant(5)'!$H13*'Subconsultant(5)'!$C13 -> 0
A14: =PRIME!$A14 -> 0 | B14: =PRIME!$B14 -> 0 | E14: ='Subconsultant(5)'!$D14*$E$3 -> 0 | F14: ='Subconsultant(5)'!$E14*$F$3 -> 0 | G14: =('Subconsultant(5)'!$E14+'Subconsultant(5)'!$F14)*$G$3 -> 0 | H14: ='Subconsultant(5)'!$E14+'Subconsultant(5)'!$F14+'Subconsultant(5)'!$G14 -> 0 | I14: ='Subconsultant(5)'!$H14*'Subconsultant(5)'!$C14 -> 0
A15: =PRIME!$A15 -> 0 | B15: =PRIME!$B15 -> 0 | E15: ='Subconsultant(5)'!$D15*$E$3 -> 0 | F15: ='Subconsultant(5)'!$E15*$F$3 -> 0 | G15: =('Subconsultant(5)'!$E15+'Subconsultant(5)'!$F15)*$G$3 -> 0 | H15: ='Subconsultant(5)'!$E15+'Subconsultant(5)'!$F15+'Subconsultant(5)'!$G15 -> 0 | I15: ='Subconsultant(5)'!$H15*'Subconsultant(5)'!$C15 -> 0
... A29: =PRIME!$A29 -> 0 | B29: =PRIME!$B29 -> 0 | E29: ='Subconsultant(5)'!$D29*$E$3 -> 0 | F29: ='Subconsultant(5)'!$E29*$F$3 -> 0 | G29: =('Subconsultant(5)'!$E29+'Subconsultant(5)'!$F29)*$G$3 -> 0 | H29: ='Subconsultant(5)'!$E29+'Subconsultant(5)'!$F29+'Subconsultant(5)'!$G29 -> 0 | I29: ='Subconsultant(5)'!$H29*'Subconsultant(5)'!$C29 -> 0
A30: TOTAL | B30: =SUM(B4:B29) -> 0 | C30: =SUM(C4:C29) -> 0 | I30: =SUM(I4:I29) -> 0
A31: Escalation Factor | I31: 1.04
A32: Grand Total | I32: =I30*I31 -> 0

Sheet Subconsultant(6)
A1: {=_xlfn.TEXTAFTER(CELL("filename",A2),"]")} -> Subconsultant(6) | B1: enter firm name | G1: enter Fiscal year for OH Rate
A2: Job Title ASCE/NICET Grade | B2: Total Hours | C2: Hours this Firm | D2: (A) Direct Labor Direct Technical Salary (Average Hourly Rate) | E2: (B) Employment Cost Index (ECI=1.00) B=(A*ECI) | F2: (C) Overhead Costs C=(B*Overhead Rate) | G2: (D) Fixed Fee (Profit) D=((B+C)*Fixed Fee) | H2: (E) Loaded Hourly Rate E=(B+C+D) | I2: Labor Cost
E3: 1 | G3: 0.1
A4: =PRIME!$A4 -> 0 | B4: =PRIME!$B4 -> 0 | E4: ='Subconsultant(6)'!$D4*$E$3 -> 0 | F4: ='Subconsultant(6)'!$E4*$F$3 -> 0 | G4: =('Subconsultant(6)'!$E4+'Subconsultant(6)'!$F4)*$G$3 -> 0 | H4: ='Subconsultant(6)'!$E4+'Subconsultant(6)'!$F4+'Subconsultant(6)'!$G4 -> 0 | I4: ='Subconsultant(6)'!$H4*'Subconsultant(6)'!$C4 -> 0
A5: =PRIME!$A5 -> 0 | B5: =PRIME!$B5 -> 0 | E5: ='Subconsultant(6)'!$D5*$E$3 -> 0 | F5: ='Subconsultant(6)'!$E5*$F$3 -> 0 | G5: =('Subconsultant(6)'!$E5+'Subconsultant(6)'!$F5)*$G$3 -> 0 | H5: ='Subconsultant(6)'!$E5+'Subconsultant(6)'!$F5+'Subconsultant(6)'!$G5 -> 0 | I5: ='Subconsultant(6)'!$H5*'Subconsultant(6)'!$C5 -> 0
A6: =PRIME!$A6 -> 0 | B6: =PRIME!$B6 -> 0 | E6: ='Subconsultant(6)'!$D6*$E$3 -> 0 | F6: ='Subconsultant(6)'!$E6*$F$3 -> 0 | G6: =('Subconsultant(6)'!$E6+'Subconsultant(6)'!$F6)*$G$3 -> 0 | H6: ='Subconsultant(6)'!$E6+'Subconsultant(6)'!$F6+'Subconsultant(6)'!$G6 -> 0 | I6: ='Subconsultant(6)'!$H6*'Subconsultant(6)'!$C6 -> 0
A7: =PRIME!$A7 -> 0 | B7: =PRIME!$B7 -> 0 | E7: ='Subconsultant(6)'!$D7*$E$3 -> 0 | F7: ='Subconsultant(6)'!$E7*$F$3 -> 0 | G7: =('Subconsultant(6)'!$E7+'Subconsultant(6)'!$F7)*$G$3 -> 0 | H7: ='Subconsultant(6)'!$E7+'Subconsultant(6)'!$F7+'Subconsultant(6)'!$G7 -> 0 | I7: ='Subconsultant(6)'!$H7*'Subconsultant(6)'!$C7 -> 0
A8: =PRIME!$A8 -> 0 | B8: =PRIME!$B8 -> 0 | E8: ='Subconsultant(6)'!$D8*$E$3 -> 0 | F8: ='Subconsultant(6)'!$E8*$F$3 -> 0 | G8: =('Subconsultant(6)'!$E8+'Subconsultant(6)'!$F8)*$G$3 -> 0 | H8: ='Subconsultant(6)'!$E8+'Subconsultant(6)'!$F8+'Subconsultant(6)'!$G8 -> 0 | I8: ='Subconsultant(6)'!$H8*'Subconsultant(6)'!$C8 -> 0
A9: =PRIME!$A9 -> 0 | B9: =PRIME!$B9 -> 0 | E9: ='Subconsultant(6)'!$D9*$E$3 -> 0 | F9: ='Subconsultant(6)'!$E9*$F$3 -> 0 | G9: =('Subconsultant(6)'!$E9+'Subconsultant(6)'!$F9)*$G$3 -> 0 | H9: ='Subconsultant(6)'!$E9+'Subconsultant(6)'!$F9+'Subconsultant(6)'!$G9 -> 0 | I9: ='Subconsultant(6)'!$H9*'Subconsultant(6)'!$C9 -> 0
A10: =PRIME!$A10 -> 0 | B10: =PRIME!$B10 -> 0 | E10: ='Subconsultant(6)'!$D10*$E$3 -> 0 | F10: ='Subconsultant(6)'!$E10*$F$3 -> 0 | G10: =('Subconsultant(6)'!$E10+'Subconsultant(6)'!$F10)*$G$3 -> 0 | H10: ='Subconsultant(6)'!$E10+'Subconsultant(6)'!$F10+'Subconsultant(6)'!$G10 -> 0 | I10: ='Subconsultant(6)'!$H10*'Subconsultant(6)'!$C10 -> 0
A11: =PRIME!$A11 -> 0 | B11: =PRIME!$B11 -> 0 | E11: ='Subconsultant(6)'!$D11*$E$3 -> 0 | F11: ='Subconsultant(6)'!$E11*$F$3 -> 0 | G11: =('Subconsultant(6)'!$E11+'Subconsultant(6)'!$F11)*$G$3 -> 0 | H11: ='Subconsultant(6)'!$E11+'Subconsultant(6)'!$F11+'Subconsultant(6)'!$G11 -> 0 | I11: ='Subconsultant(6)'!$H11*'Subconsultant(6)'!$C11 -> 0
A12: =PRIME!$A12 -> 0 | B12: =PRIME!$B12 -> 0 | E12: ='Subconsultant(6)'!$D12*$E$3 -> 0 | F12: ='Subconsultant(6)'!$E12*$F$3 -> 0 | G12: =('Subconsultant(6)'!$E12+'Subconsultant(6)'!$F12)*$G$3 -> 0 | H12: ='Subconsultant(6)'!$E12+'Subconsultant(6)'!$F12+'Subconsultant(6)'!$G12 -> 0 | I12: ='Subconsultant(6)'!$H12*'Subconsultant(6)'!$C12 -> 0
A13: =PRIME!$A13 -> 0 | B13: =PRIME!$B13 -> 0 | E13: ='Subconsultant(6)'!$D13*$E$3 -> 0 | F13: ='Subconsultant(6)'!$E13*$F$3 -> 0 | G13: =('Subconsultant(6)'!$E13+'Subconsultant(6)'!$F13)*$G$3 -> 0 | H13: ='Subconsultant(6)'!$E13+'Subconsultant(6)'!$F13+'Subconsultant(6)'!$G13 -> 0 | I13: ='Subconsultant(6)'!$H13*'Subconsultant(6)'!$C13 -> 0
A14: =PRIME!$A14 -> 0 | B14: =PRIME!$B14 -> 0 | E14: ='Subconsultant(6)'!$D14*$E$3 -> 0 | F14: ='Subconsultant(6)'!$E14*$F$3 -> 0 | G14: =('Subconsultant(6)'!$E14+'Subconsultant(6)'!$F14)*$G$3 -> 0 | H14: ='Subconsultant(6)'!$E14+'Subconsultant(6)'!$F14+'Subconsultant(6)'!$G14 -> 0 | I14: ='Subconsultant(6)'!$H14*'Subconsultant(6)'!$C14 -> 0
A15: =PRIME!$A15 -> 0 | B15: =PRIME!$B15 -> 0 | E15: ='Subconsultant(6)'!$D15*$E$3 -> 0 | F15: ='Subconsultant(6)'!$E15*$F$3 -> 0 | G15: =('Subconsultant(6)'!$E15+'Subconsultant(6)'!$F15)*$G$3 -> 0 | H15: ='Subconsultant(6)'!$E15+'Subconsultant(6)'!$F15+'Subconsultant(6)'!$G15 -> 0 | I15: ='Subconsultant(6)'!$H15*'Subconsultant(6)'!$C15 -> 0
... A29: =PRIME!$A29 -> 0 | B29: =PRIME!$B29 -> 0 | E29: ='Subconsultant(6)'!$D29*$E$3 -> 0 | F29: ='Subconsultant(6)'!$E29*$F$3 -> 0 | G29: =('Subconsultant(6)'!$E29+'Subconsultant(6)'!$F29)*$G$3 -> 0 | H29: ='Subconsultant(6)'!$E29+'Subconsultant(6)'!$F29+'Subconsultant(6)'!$G29 -> 0 | I29: ='Subconsultant(6)'!$H29*'Subconsultant(6)'!$C29 -> 0
A30: TOTAL | B30: =SUM(B4:B29) -> 0 | C30: =SUM(C4:C29) -> 0 | I30: =SUM(I4:I29) -> 0
A31: Escalation Factor | I31: 1.04
A32: Grand Total | I32: =I30*I31 -> 0

Sheet Subconsultant(7)
A1: {=_xlfn.TEXTAFTER(CELL("filename",A2),"]")} -> Subconsultant(7) | B1: enter firm name | G1: enter Fiscal year for OH Rate
A2: Job Title ASCE/NICET Grade | B2: Total Hours | C2: Hours this Firm | D2: (A) Direct Labor Direct Technical Salary (Average Hourly Rate) | E2: (B) Employment Cost Index (ECI=1.00) B=(A*ECI) | F2: (C) Overhead Costs C=(B*Overhead Rate) | G2: (D) Fixed Fee (Profit) D=((B+C)*Fixed Fee) | H2: (E) Loaded Hourly Rate E=(B+C+D) | I2: Labor Cost
E3: 1 | G3: 0.1
A4: =PRIME!$A4 -> 0 | B4: =PRIME!$B4 -> 0 | E4: ='Subconsultant(7)'!$D4*$E$3 -> 0 | F4: ='Subconsultant(7)'!$E4*$F$3 -> 0 | G4: =('Subconsultant(7)'!$E4+'Subconsultant(7)'!$F4)*$G$3 -> 0 | H4: ='Subconsultant(7)'!$E4+'Subconsultant(7)'!$F4+'Subconsultant(7)'!$G4 -> 0 | I4: ='Subconsultant(7)'!$H4*'Subconsultant(7)'!$C4 -> 0
A5: =PRIME!$A5 -> 0 | B5: =PRIME!$B5 -> 0 | E5: ='Subconsultant(7)'!$D5*$E$3 -> 0 | F5: ='Subconsultant(7)'!$E5*$F$3 -> 0 | G5: =('Subconsultant(7)'!$E5+'Subconsultant(7)'!$F5)*$G$3 -> 0 | H5: ='Subconsultant(7)'!$E5+'Subconsultant(7)'!$F5+'Subconsultant(7)'!$G5 -> 0 | I5: ='Subconsultant(7)'!$H5*'Subconsultant(7)'!$C5 -> 0
A6: =PRIME!$A6 -> 0 | B6: =PRIME!$B6 -> 0 | E6: ='Subconsultant(7)'!$D6*$E$3 -> 0 | F6: ='Subconsultant(7)'!$E6*$F$3 -> 0 | G6: =('Subconsultant(7)'!$E6+'Subconsultant(7)'!$F6)*$G$3 -> 0 | H6: ='Subconsultant(7)'!$E6+'Subconsultant(7)'!$F6+'Subconsultant(7)'!$G6 -> 0 | I6: ='Subconsultant(7)'!$H6*'Subconsultant(7)'!$C6 -> 0
A7: =PRIME!$A7 -> 0 | B7: =PRIME!$B7 -> 0 | E7: ='Subconsultant(7)'!$D7*$E$3 -> 0 | F7: ='Subconsultant(7)'!$E7*$F$3 -> 0 | G7: =('Subconsultant(7)'!$E7+'Subconsultant(7)'!$F7)*$G$3 -> 0 | H7: ='Subconsultant(7)'!$E7+'Subconsultant(7)'!$F7+'Subconsultant(7)'!$G7 -> 0 | I7: ='Subconsultant(7)'!$H7*'Subconsultant(7)'!$C7 -> 0
A8: =PRIME!$A8 -> 0 | B8: =PRIME!$B8 -> 0 | E8: ='Subconsultant(7)'!$D8*$E$3 -> 0 | F8: ='Subconsultant(7)'!$E8*$F$3 -> 0 | G8: =('Subconsultant(7)'!$E8+'Subconsultant(7)'!$F8)*$G$3 -> 0 | H8: ='Subconsultant(7)'!$E8+'Subconsultant(7)'!$F8+'Subconsultant(7)'!$G8 -> 0 | I8: ='Subconsultant(7)'!$H8*'Subconsultant(7)'!$C8 -> 0
A9: =PRIME!$A9 -> 0 | B9: =PRIME!$B9 -> 0 | E9: ='Subconsultant(7)'!$D9*$E$3 -> 0 | F9: ='Subconsultant(7)'!$E9*$F$3 -> 0 | G9: =('Subconsultant(7)'!$E9+'Subconsultant(7)'!$F9)*$G$3 -> 0 | H9: ='Subconsultant(7)'!$E9+'Subconsultant(7)'!$F9+'Subconsultant(7)'!$G9 -> 0 | I9: ='Subconsultant(7)'!$H9*'Subconsultant(7)'!$C9 -> 0
A10: =PRIME!$A10 -> 0 | B10: =PRIME!$B10 -> 0 | E10: ='Subconsultant(7)'!$D10*$E$3 -> 0 | F10: ='Subconsultant(7)'!$E10*$F$3 -> 0 | G10: =('Subconsultant(7)'!$E10+'Subconsultant(7)'!$F10)*$G$3 -> 0 | H10: ='Subconsultant(7)'!$E10+'Subconsultant(7)'!$F10+'Subconsultant(7)'!$G10 -> 0 | I10: ='Subconsultant(7)'!$H10*'Subconsultant(7)'!$C10 -> 0
A11: =PRIME!$A11 -> 0 | B11: =PRIME!$B11 -> 0 | E11: ='Subconsultant(7)'!$D11*$E$3 -> 0 | F11: ='Subconsultant(7)'!$E11*$F$3 -> 0 | G11: =('Subconsultant(7)'!$E11+'Subconsultant(7)'!$F11)*$G$3 -> 0 | H11: ='Subconsultant(7)'!$E11+'Subconsultant(7)'!$F11+'Subconsultant(7)'!$G11 -> 0 | I11: ='Subconsultant(7)'!$H11*'Subconsultant(7)'!$C11 -> 0
A12: =PRIME!$A12 -> 0 | B12: =PRIME!$B12 -> 0 | E12: ='Subconsultant(7)'!$D12*$E$3 -> 0 | F12: ='Subconsultant(7)'!$E12*$F$3 -> 0 | G12: =('Subconsultant(7)'!$E12+'Subconsultant(7)'!$F12)*$G$3 -> 0 | H12: ='Subconsultant(7)'!$E12+'Subconsultant(7)'!$F12+'Subconsultant(7)'!$G12 -> 0 | I12: ='Subconsultant(7)'!$H12*'Subconsultant(7)'!$C12 -> 0
A13: =PRIME!$A13 -> 0 | B13: =PRIME!$B13 -> 0 | E13: ='Subconsultant(7)'!$D13*$E$3 -> 0 | F13: ='Subconsultant(7)'!$E13*$F$3 -> 0 | G13: =('Subconsultant(7)'!$E13+'Subconsultant(7)'!$F13)*$G$3 -> 0 | H13: ='Subconsultant(7)'!$E13+'Subconsultant(7)'!$F13+'Subconsultant(7)'!$G13 -> 0 | I13: ='Subconsultant(7)'!$H13*'Subconsultant(7)'!$C13 -> 0
A14: =PRIME!$A14 -> 0 | B14: =PRIME!$B14 -> 0 | E14: ='Subconsultant(7)'!$D14*$E$3 -> 0 | F14: ='Subconsultant(7)'!$E14*$F$3 -> 0 | G14: =('Subconsultant(7)'!$E14+'Subconsultant(7)'!$F14)*$G$3 -> 0 | H14: ='Subconsultant(7)'!$E14+'Subconsultant(7)'!$F14+'Subconsultant(7)'!$G14 -> 0 | I14: ='Subconsultant(7)'!$H14*'Subconsultant(7)'!$C14 -> 0
A15: =PRIME!$A15 -> 0 | B15: =PRIME!$B15 -> 0 | E15: ='Subconsultant(7)'!$D15*$E$3 -> 0 | F15: ='Subconsultant(7)'!$E15*$F$3 -> 0 | G15: =('Subconsultant(7)'!$E15+'Subconsultant(7)'!$F15)*$G$3 -> 0 | H15: ='Subconsultant(7)'!$E15+'Subconsultant(7)'!$F15+'Subconsultant(7)'!$G15 -> 0 | I15: ='Subconsultant(7)'!$H15*'Subconsultant(7)'!$C15 -> 0
... A29: =PRIME!$A29 -> 0 | B29: =PRIME!$B29 -> 0 | E29: ='Subconsultant(7)'!$D29*$E$3 -> 0 | F29: ='Subconsultant(7)'!$E29*$F$3 -> 0 | G29: =('Subconsultant(7)'!$E29+'Subconsultant(7)'!$F29)*$G$3 -> 0 | H29: ='Subconsultant(7)'!$E29+'Subconsultant(7)'!$F29+'Subconsultant(7)'!$G29 -> 0 | I29: ='Subconsultant(7)'!$H29*'Subconsultant(7)'!$C29 -> 0
A30: TOTAL | B30: =SUM(B4:B29) -> 0 | C30: =SUM(C4:C29) -> 0 | I30: =SUM(I4:I29) -> 0
A31: Escalation Factor | I31: 1.04
A32: Grand Total | I32: =I30*I31 -> 0

Sheet Subconsultant(8)
A1: {=_xlfn.TEXTAFTER(CELL("filename",A2),"]")} -> Subconsultant(8) | B1: enter firm name | G1: enter Fiscal year for OH Rate
A2: Job Title ASCE/NICET Grade | B2: Total Hours | C2: Hours this Firm | D2: (A) Direct Labor Direct Technical Salary (Average Hourly Rate) | E2: (B) Employment Cost Index (ECI=1.00) B=(A*ECI) | F2: (C) Overhead Costs C=(B*Overhead Rate) | G2: (D) Fixed Fee (Profit) D=((B+C)*Fixed Fee) | H2: (E) Loaded Hourly Rate E=(B+C+D) | I2: Labor Cost
E3: 1 | G3: 0.1
A4: =PRIME!$A4 -> 0 | B4: =PRIME!$B4 -> 0 | E4: ='Subconsultant(8)'!$D4*$E$3 -> 0 | F4: ='Subconsultant(8)'!$E4*$F$3 -> 0 | G4: =('Subconsultant(8)'!$E4+'Subconsultant(8)'!$F4)*$G$3 -> 0 | H4: ='Subconsultant(8)'!$E4+'Subconsultant(8)'!$F4+'Subconsultant(8)'!$G4 -> 0 | I4: ='Subconsultant(8)'!$H4*'Subconsultant(8)'!$C4 -> 0
A5: =PRIME!$A5 -> 0 | B5: =PRIME!$B5 -> 0 | E5: ='Subconsultant(8)'!$D5*$E$3 -> 0 | F5: ='Subconsultant(8)'!$E5*$F$3 -> 0 | G5: =('Subconsultant(8)'!$E5+'Subconsultant(8)'!$F5)*$G$3 -> 0 | H5: ='Subconsultant(8)'!$E5+'Subconsultant(8)'!$F5+'Subconsultant(8)'!$G5 -> 0 | I5: ='Subconsultant(8)'!$H5*'Subconsultant(8)'!$C5 -> 0
A6: =PRIME!$A6 -> 0 | B6: =PRIME!$B6 -> 0 | E6: ='Subconsultant(8)'!$D6*$E$3 -> 0 | F6: ='Subconsultant(8)'!$E6*$F$3 -> 0 | G6: =('Subconsultant(8)'!$E6+'Subconsultant(8)'!$F6)*$G$3 -> 0 | H6: ='Subconsultant(8)'!$E6+'Subconsultant(8)'!$F6+'Subconsultant(8)'!$G6 -> 0 | I6: ='Subconsultant(8)'!$H6*'Subconsultant(8)'!$C6 -> 0
A7: =PRIME!$A7 -> 0 | B7: =PRIME!$B7 -> 0 | E7: ='Subconsultant(8)'!$D7*$E$3 -> 0 | F7: ='Subconsultant(8)'!$E7*$F$3 -> 0 | G7: =('Subconsultant(8)'!$E7+'Subconsultant(8)'!$F7)*$G$3 -> 0 | H7: ='Subconsultant(8)'!$E7+'Subconsultant(8)'!$F7+'Subconsultant(8)'!$G7 -> 0 | I7: ='Subconsultant(8)'!$H7*'Subconsultant(8)'!$C7 -> 0
A8: =PRIME!$A8 -> 0 | B8: =PRIME!$B8 -> 0 | E8: ='Subconsultant(8)'!$D8*$E$3 -> 0 | F8: ='Subconsultant(8)'!$E8*$F$3 -> 0 | G8: =('Subconsultant(8)'!$E8+'Subconsultant(8)'!$F8)*$G$3 -> 0 | H8: ='Subconsultant(8)'!$E8+'Subconsultant(8)'!$F8+'Subconsultant(8)'!$G8 -> 0 | I8: ='Subconsultant(8)'!$H8*'Subconsultant(8)'!$C8 -> 0
A9: =PRIME!$A9 -> 0 | B9: =PRIME!$B9 -> 0 | E9: ='Subconsultant(8)'!$D9*$E$3 -> 0 | F9: ='Subconsultant(8)'!$E9*$F$3 -> 0 | G9: =('Subconsultant(8)'!$E9+'Subconsultant(8)'!$F9)*$G$3 -> 0 | H9: ='Subconsultant(8)'!$E9+'Subconsultant(8)'!$F9+'Subconsultant(8)'!$G9 -> 0 | I9: ='Subconsultant(8)'!$H9*'Subconsultant(8)'!$C9 -> 0
A10: =PRIME!$A10 -> 0 | B10: =PRIME!$B10 -> 0 | E10: ='Subconsultant(8)'!$D10*$E$3 -> 0 | F10: ='Subconsultant(8)'!$E10*$F$3 -> 0 | G10: =('Subconsultant(8)'!$E10+'Subconsultant(8)'!$F10)*$G$3 -> 0 | H10: ='Subconsultant(8)'!$E10+'Subconsultant(8)'!$F10+'Subconsultant(8)'!$G10 -> 0 | I10: ='Subconsultant(8)'!$H10*'Subconsultant(8)'!$C10 -> 0
A11: =PRIME!$A11 -> 0 | B11: =PRIME!$B11 -> 0 | E11: ='Subconsultant(8)'!$D11*$E$3 -> 0 | F11: ='Subconsultant(8)'!$E11*$F$3 -> 0 | G11: =('Subconsultant(8)'!$E11+'Subconsultant(8)'!$F11)*$G$3 -> 0 | H11: ='Subconsultant(8)'!$E11+'Subconsultant(8)'!$F11+'Subconsultant(8)'!$G11 -> 0 | I11: ='Subconsultant(8)'!$H11*'Subconsultant(8)'!$C11 -> 0
A12: =PRIME!$A12 -> 0 | B12: =PRIME!$B12 -> 0 | E12: ='Subconsultant(8)'!$D12*$E$3 -> 0 | F12: ='Subconsultant(8)'!$E12*$F$3 -> 0 | G12: =('Subconsultant(8)'!$E12+'Subconsultant(8)'!$F12)*$G$3 -> 0 | H12: ='Subconsultant(8)'!$E12+'Subconsultant(8)'!$F12+'Subconsultant(8)'!$G12 -> 0 | I12: ='Subconsultant(8)'!$H12*'Subconsultant(8)'!$C12 -> 0
A13: =PRIME!$A13 -> 0 | B13: =PRIME!$B13 -> 0 | E13: ='Subconsultant(8)'!$D13*$E$3 -> 0 | F13: ='Subconsultant(8)'!$E13*$F$3 -> 0 | G13: =('Subconsultant(8)'!$E13+'Subconsultant(8)'!$F13)*$G$3 -> 0 | H13: ='Subconsultant(8)'!$E13+'Subconsultant(8)'!$F13+'Subconsultant(8)'!$G13 -> 0 | I13: ='Subconsultant(8)'!$H13*'Subconsultant(8)'!$C13 -> 0
A14: =PRIME!$A14 -> 0 | B14: =PRIME!$B14 -> 0 | E14: ='Subconsultant(8)'!$D14*$E$3 -> 0 | F14: ='Subconsultant(8)'!$E14*$F$3 -> 0 | G14: =('Subconsultant(8)'!$E14+'Subconsultant(8)'!$F14)*$G$3 -> 0 | H14: ='Subconsultant(8)'!$E14+'Subconsultant(8)'!$F14+'Subconsultant(8)'!$G14 -> 0 | I14: ='Subconsultant(8)'!$H14*'Subconsultant(8)'!$C14 -> 0
A15: =PRIME!$A15 -> 0 | B15: =PRIME!$B15 -> 0 | E15: ='Subconsultant(8)'!$D15*$E$3 -> 0 | F15: ='Subconsultant(8)'!$E15*$F$3 -> 0 | G15: =('Subconsultant(8)'!$E15+'Subconsultant(8)'!$F15)*$G$3 -> 0 | H15: ='Subconsultant(8)'!$E15+'Subconsultant(8)'!$F15+'Subconsultant(8)'!$G15 -> 0 | I15: ='Subconsultant(8)'!$H15*'Subconsultant(8)'!$C15 -> 0
... A29: =PRIME!$A29 -> 0 | B29: =PRIME!$B29 -> 0 | E29: ='Subconsultant(8)'!$D29*$E$3 -> 0 | F29: ='Subconsultant(8)'!$E29*$F$3 -> 0 | G29: =('Subconsultant(8)'!$E29+'Subconsultant(8)'!$F29)*$G$3 -> 0 | H29: ='Subconsultant(8)'!$E29+'Subconsultant(8)'!$F29+'Subconsultant(8)'!$G29 -> 0 | I29: ='Subconsultant(8)'!$H29*'Subconsultant(8)'!$C29 -> 0
A30: TOTAL | B30: =SUM(B4:B29) -> 0 | C30: =SUM(C4:C29) -> 0 | I30: =SUM(I4:I29) -> 0
A31: Escalation Factor | I31: 1.04
A32: Grand Total | I32: =I30*I31 -> 0

Sheet Subconsultant(9)
A1: {=_xlfn.TEXTAFTER(CELL("filename",A2),"]")} -> Subconsultant(9) | B1: enter firm name | G1: enter Fiscal year for OH Rate
A2: Job Title ASCE/NICET Grade | B2: Total Hours | C2: Hours this Firm | D2: (A) Direct Labor Direct Technical Salary (Average Hourly Rate) | E2: (B) Employment Cost Index (ECI=1.00) B=(A*ECI) | F2: (C) Overhead Costs C=(B*Overhead Rate) | G2: (D) Fixed Fee (Profit) D=((B+C)*Fixed Fee) | H2: (E) Loaded Hourly Rate E=(B+C+D) | I2: Labor Cost
E3: 1 | G3: 0.1
A4: =PRIME!$A4 -> 0 | B4: =PRIME!$B4 -> 0 | E4: ='Subconsultant(9)'!$D4*$E$3 -> 0 | F4: ='Subconsultant(9)'!$E4*$F$3 -> 0 | G4: =('Subconsultant(9)'!$E4+'Subconsultant(9)'!$F4)*$G$3 -> 0 | H4: ='Subconsultant(9)'!$E4+'Subconsultant(9)'!$F4+'Subconsultant(9)'!$G4 -> 0 | I4: ='Subconsultant(9)'!$H4*'Subconsultant(9)'!$C4 -> 0
A5: =PRIME!$A5 -> 0 | B5: =PRIME!$B5 -> 0 | E5: ='Subconsultant(9)'!$D5*$E$3 -> 0 | F5: ='Subconsultant(9)'!$E5*$F$3 -> 0 | G5: =('Subconsultant(9)'!$E5+'Subconsultant(9)'!$F5)*$G$3 -> 0 | H5: ='Subconsultant(9)'!$E5+'Subconsultant(9)'!$F5+'Subconsultant(9)'!$G5 -> 0 | I5: ='Subconsultant(9)'!$H5*'Subconsultant(9)'!$C5 -> 0
A6: =PRIME!$A6 -> 0 | B6: =PRIME!$B6 -> 0 | E6: ='Subconsultant(9)'!$D6*$E$3 -> 0 | F6: ='Subconsultant(9)'!$E6*$F$3 -> 0 | G6: =('Subconsultant(9)'!$E6+'Subconsultant(9)'!$F6)*$G$3 -> 0 | H6: ='Subconsultant(9)'!$E6+'Subconsultant(9)'!$F6+'Subconsultant(9)'!$G6 -> 0 | I6: ='Subconsultant(9)'!$H6*'Subconsultant(9)'!$C6 -> 0
A7: =PRIME!$A7 -> 0 | B7: =PRIME!$B7 -> 0 | E7: ='Subconsultant(9)'!$D7*$E$3 -> 0 | F7: ='Subconsultant(9)'!$E7*$F$3 -> 0 | G7: =('Subconsultant(9)'!$E7+'Subconsultant(9)'!$F7)*$G$3 -> 0 | H7: ='Subconsultant(9)'!$E7+'Subconsultant(9)'!$F7+'Subconsultant(9)'!$G7 -> 0 | I7: ='Subconsultant(9)'!$H7*'Subconsultant(9)'!$C7 -> 0
A8: =PRIME!$A8 -> 0 | B8: =PRIME!$B8 -> 0 | E8: ='Subconsultant(9)'!$D8*$E$3 -> 0 | F8: ='Subconsultant(9)'!$E8*$F$3 -> 0 | G8: =('Subconsultant(9)'!$E8+'Subconsultant(9)'!$F8)*$G$3 -> 0 | H8: ='Subconsultant(9)'!$E8+'Subconsultant(9)'!$F8+'Subconsultant(9)'!$G8 -> 0 | I8: ='Subconsultant(9)'!$H8*'Subconsultant(9)'!$C8 -> 0
A9: =PRIME!$A9 -> 0 | B9: =PRIME!$B9 -> 0 | E9: ='Subconsultant(9)'!$D9*$E$3 -> 0 | F9: ='Subconsultant(9)'!$E9*$F$3 -> 0 | G9: =('Subconsultant(9)'!$E9+'Subconsultant(9)'!$F9)*$G$3 -> 0 | H9: ='Subconsultant(9)'!$E9+'Subconsultant(9)'!$F9+'Subconsultant(9)'!$G9 -> 0 | I9: ='Subconsultant(9)'!$H9*'Subconsultant(9)'!$C9 -> 0
A10: =PRIME!$A10 -> 0 | B10: =PRIME!$B10 -> 0 | E10: ='Subconsultant(9)'!$D10*$E$3 -> 0 | F10: ='Subconsultant(9)'!$E10*$F$3 -> 0 | G10: =('Subconsultant(9)'!$E10+'Subconsultant(9)'!$F10)*$G$3 -> 0 | H10: ='Subconsultant(9)'!$E10+'Subconsultant(9)'!$F10+'Subconsultant(9)'!$G10 -> 0 | I10: ='Subconsultant(9)'!$H10*'Subconsultant(9)'!$C10 -> 0
A11: =PRIME!$A11 -> 0 | B11: =PRIME!$B11 -> 0 | E11: ='Subconsultant(9)'!$D11*$E$3 -> 0 | F11: ='Subconsultant(9)'!$E11*$F$3 -> 0 | G11: =('Subconsultant(9)'!$E11+'Subconsultant(9)'!$F11)*$G$3 -> 0 | H11: ='Subconsultant(9)'!$E11+'Subconsultant(9)'!$F11+'Subconsultant(9)'!$G11 -> 0 | I11: ='Subconsultant(9)'!$H11*'Subconsultant(9)'!$C11 -> 0
A12: =PRIME!$A12 -> 0 | B12: =PRIME!$B12 -> 0 | E12: ='Subconsultant(9)'!$D12*$E$3 -> 0 | F12: ='Subconsultant(9)'!$E12*$F$3 -> 0 | G12: =('Subconsultant(9)'!$E12+'Subconsultant(9)'!$F12)*$G$3 -> 0 | H12: ='Subconsultant(9)'!$E12+'Subconsultant(9)'!$F12+'Subconsultant(9)'!$G12 -> 0 | I12: ='Subconsultant(9)'!$H12*'Subconsultant(9)'!$C12 -> 0
A13: =PRIME!$A13 -> 0 | B13: =PRIME!$B13 -> 0 | E13: ='Subconsultant(9)'!$D13*$E$3 -> 0 | F13: ='Subconsultant(9)'!$E13*$F$3 -> 0 | G13: =('Subconsultant(9)'!$E13+'Subconsultant(9)'!$F13)*$G$3 -> 0 | H13: ='Subconsultant(9)'!$E13+'Subconsultant(9)'!$F13+'Subconsultant(9)'!$G13 -> 0 | I13: ='Subconsultant(9)'!$H13*'Subconsultant(9)'!$C13 -> 0
A14: =PRIME!$A14 -> 0 | B14: =PRIME!$B14 -> 0 | E14: ='Subconsultant(9)'!$D14*$E$3 -> 0 | F14: ='Subconsultant(9)'!$E14*$F$3 -> 0 | G14: =('Subconsultant(9)'!$E14+'Subconsultant(9)'!$F14)*$G$3 -> 0 | H14: ='Subconsultant(9)'!$E14+'Subconsultant(9)'!$F14+'Subconsultant(9)'!$G14 -> 0 | I14: ='Subconsultant(9)'!$H14*'Subconsultant(9)'!$C14 -> 0
A15: =PRIME!$A15 -> 0 | B15: =PRIME!$B15 -> 0 | E15: ='Subconsultant(9)'!$D15*$E$3 -> 0 | F15: ='Subconsultant(9)'!$E15*$F$3 -> 0 | G15: =('Subconsultant(9)'!$E15+'Subconsultant(9)'!$F15)*$G$3 -> 0 | H15: ='Subconsultant(9)'!$E15+'Subconsultant(9)'!$F15+'Subconsultant(9)'!$G15 -> 0 | I15: ='Subconsultant(9)'!$H15*'Subconsultant(9)'!$C15 -> 0
... A29: =PRIME!$A29 -> 0 | B29: =PRIME!$B29 -> 0 | E29: ='Subconsultant(9)'!$D29*$E$3 -> 0 | F29: ='Subconsultant(9)'!$E29*$F$3 -> 0 | G29: =('Subconsultant(9)'!$E29+'Subconsultant(9)'!$F29)*$G$3 -> 0 | H29: ='Subconsultant(9)'!$E29+'Subconsultant(9)'!$F29+'Subconsultant(9)'!$G29 -> 0 | I29: ='Subconsultant(9)'!$H29*'Subconsultant(9)'!$C29 -> 0
A30: TOTAL | B30: =SUM(B4:B29) -> 0 | C30: =SUM(C4:C29) -> 0 | I30: =SUM(I4:I29) -> 0
A31: Escalation Factor | I31: 1.04
A32: Grand Total | I32: =I30*I31 -> 0
